 Dungeon Crawl Stone Soup version 0.21.1-1-g345015f (webtiles) character file.

322 Lecool the Cutter (level 6, -12/47 HPs)
             Began as a Demonspawn Gladiator on June 16, 2018.
             Was an Initiate of Fedhas.
             Mangled by an ogre
             ... wielding a +0 giant club
              (15 damage)
             ... on level 4 of the Dungeon.
             The game lasted 01:08:10 (2302 turns).

Lecool the Cutter (Demonspawn Gladiator)            Turns: 2302, Time: 01:08:17

Health: -12/47     AC:  3    Str: 15    XL:     6   Next: 22%
Magic:  6/6        EV: 12    Int: 10    God:    Fedhas [......]
Gold:   81         SH:  6    Dex: 15    Spells: 5/5 levels left

rFire    + . .     SeeInvis .   J - -2 longbow (curse)
rCold    . . .     Gourm    .   (shield currently unavailable)
rNeg     . . .     Faith    .   D - +1 ring mail
rPois    .         Spirit   .   (helmet restricted)
rElec    .         Reflect  .   (no cloak)
rCorr    .         Harm     .   (no gloves)
MR       .....                  (no boots)
Stlth    +.........             n - amulet of rage
HPRegen  0.15/turn              (no ring)
MPRegen  0.10/turn              (no ring)

@: lethally poisoned (-12 -> -15)
A: horns 1, large bone plates 2, blurry vision 1, deformed body, demonic
guardian 1, fire resistance 1
a: Fungal Bloom, Renounce Religion, Evoke Berserk Rage


You were on level 4 of the Dungeon.
You worshipped Fedhas.
Fedhas was noncommittal.
You were not hungry.

You visited 1 branch of the dungeon, and saw 4 of its levels.

You collected 81 gold pieces.

Inventory:

Hand Weapons
 a - a +0 rapier
 f - a +0 short sword
 g - a +0 short sword
 h - a +0 club
 i - a +0 spear
 l - a +0 short sword
 m - a +0 dagger
 o - a +0 war axe
 s - a +1 short sword of speed
 v - a +0 hand axe
 x - a +0 club
 y - a +0 club
 A - a +0 dagger
 C - a +0 dagger
 E - a +0 blowgun
 F - a +0 morningstar
 J - a cursed -2 longbow (weapon)
 K - a +0 short sword
 L - a cursed -2 falchion
 O - a +0 hand axe
 P - a +0 spear
 S - a cursed -1 giant club
 U - a +0 spear
Missiles
 e - 19 poisoned needles
 t - 10 needles of frenzy
 H - 72 stones (quivered)
 M - 43 sling bullets
 W - 12 bolts
Armour
 b - a +0 leather armour
 j - a +0 leather armour
 p - a +0 leather armour
 q - a +0 helmet
 B - a +0 animal skin
 D - a +1 ring mail (worn)
 I - a +0 leather armour
Jewellery
 n - an amulet of rage (around neck)
 w - a cursed -2 ring of evasion
 Q - a +2 ring of protection {unknown}
Scrolls
 u - 2 scrolls of amnesia
 V - a scroll of immolation
Potions
 k - a potion of curing
 z - 2 potions of flight
Comestibles
 T - a ration


   Skills:
 + Level 3.0 Fighting
 + Level 3.8 Short Blades
 + Level 3.1 Bows
 + Level 2.1 Throwing
 + Level 1.5 Armour
 + Level 3.4 Dodging


You had 5 spell levels left.
You didn't know any spells.

Dungeon Overview and Level Annotations

Branches:
Dungeon (4/15)
 Temple: D:4-7

Altars:
Fedhas
Gozag
Makhleb
Trog
Uskayaw
Xom


Innate Abilities, Weirdness & Mutations

You have a pair of small horns on your head.
You are mostly covered in large bone plates. (SH +6)
A weak demonic guardian rushes to your aid.
Your flesh is heat resistant. (rF+)
Scrolls take you a little longer to read.
Armour fits poorly on your strangely shaped body.


Message History

Press: ? - help, Shift-Dir - straight line, f/p - ogre
Aim: an ogre, wielding a giant club (heavily wounded)
You throw a stone. The stone hits the ogre.
The ogre is heavily wounded.
* * * LOW HITPOINT WARNING * * *
You feel sick. The ogre closely misses you.
The phantom blinks!
Throwing (i - inventory):
H - 74 stones (quivered)
Press: ? - help, Shift-Dir - straight line, f/p - ogre
Aim: an ogre, wielding a giant club (heavily wounded)
You throw a stone. The stone barely misses the ogre.
Throwing (i - inventory):
H - 73 stones (quivered)
Press: ? - help, Shift-Dir - straight line, f/p - ogre
Aim: an ogre, wielding a giant club (heavily wounded)
You throw a stone. The stone barely misses the ogre.
The stone hits the phantom.
The phantom is lightly damaged.
The ogre hits you with a giant club!
You die...
Xom snickers!
Fedhas appreciates your contribution to the ecosystem.

#.# ..# #.. .(. #.# #.#
..#### #.# #.# ..#..# #.#
#.# ...<. #.# #.# s..#
#.##########.# ...
...........#.########(#.#...
................@O((W(.(..(.
......###.####.########.#...
#.##..#.#.# #.# ..###.#.#.#
#.# #####...#.# #.#
#.......#.# #.#
#.###†..#.####.#
.............#.#
#.####.##.##.#


You could see a phantom and an ogre.

Vanquished Creatures
  An ogre (D:4)
  A scorpion (D:4)
  A hound (D:3)
  A centaur skeleton (D:4)
  A worker ant (D:3)
  A gnoll (D:1)
  5 adders
  4 worms
  2 dart slugs
  A leopard gecko (D:3)
  4 orcs
  6 bats
  4 giant cockroaches
  11 goblins
  4 hobgoblins
  6 frilled lizards
  5 kobolds
  3 rats
  A bush (D:1)
  2 plants
64 creatures vanquished.

Vanquished Creatures (collateral kills)
  An ooze (D:3)
  A leopard gecko (D:4)
2 creatures vanquished.

Grand Total: 66 creatures vanquished

Notes
Turn   | Place    | Note
-------+----------+-------------------------------------------
     0 | D:1      | Lecool the Demonspawn Gladiator began the quest for the Orb.
     0 | D:1      | Reached XP level 1. HP: 16/16 MP: 1/1
    34 | D:1      | Found a shimmering altar of Xom.
   346 | D:1      | Gained mutation: You are partially covered in large bone plates. (SH +4) [demonic ancestry]
   346 | D:1      | Reached XP level 2. HP: 22/22 MP: 2/2
   687 | D:1      | Gained mutation: You have a pair of small horns on your head. [demonic ancestry]
   687 | D:1      | Reached XP level 3. HP: 19/27 MP: 3/3
   852 | D:2      | Found a blossoming altar of Fedhas.
   852 | D:2      | Found a bloodstained altar of Trog.
   892 | D:2      | Found a hide-covered altar of Uskayaw.
   893 | D:2      | Noticed a dagger
   893 | D:2      | Noticed a dagger
  1261 | D:2      | Found a shimmering altar of Xom.
  1267 | D:2      | Became a worshipper of Xom the Psychopath
  1465 | D:2      | Fell from the grace of Xom
  1465 | D:2      | Became a worshipper of Fedhas Madash
  1517 | D:2      | Gained mutation: Your flesh is heat resistant. (rF+) [demonic ancestry]
  1517 | D:2      | Reached XP level 4. HP: 28/34 MP: 4/4
  1615 | D:3      | Found a burning altar of Makhleb.
  1631 | D:3      | Reached skill level 1 in Armour
  1851 | D:3      | Reached skill level 1 in Bows
  1869 | D:3      | Gained mutation: A weak demonic guardian rushes to your aid. [demonic ancestry]
  1869 | D:3      | Reached XP level 5. HP: 8/39 MP: 5/5
  1961 | D:3      | Found an opulent altar of Gozag.
  2107 | D:4      | Noticed an ogre
  2111 | D:4      | Killed an ogre
  2115 | D:4      | Gained mutation: You are mostly covered in large bone plates. (SH +6) [demonic ancestry]
  2115 | D:4      | Reached XP level 6. HP: 39/46 MP: 6/6
  2138 | D:4      | XOM: give mutations
  2138 | D:4      | Gained mutation: Scrolls take you a little longer to read. [Xom's mischief]
  2138 | D:4      | Gained mutation: Armour fits poorly on your strangely shaped body. [Xom's mischief]
  2300 | D:4      | HP: 2/47 [poisoned by a scorpion]
  2302 | D:4      | Mangled by an ogre

Skill      XL: |  1  2  3  4  5  6 |
---------------+-------------------+-----
Short Blades   | 3 |  3.8
Dodging        | 3 |  3.4
Armour         | 1 |  1.5
Bows           | 1 2 3 |  3.1
Throwing       | 2 |  2.1
Fighting       | 3 |  3.0

Action                   |  1- 3 |  4- 6 || total
-------------------------+-------+-------++-------
Melee: Rapier            |   217 |       ||   217
       Short sword       |   113 |     7 ||   120
       Headbutt          |    22 |     1 ||    23
 Fire: Longbow           |       |    84 ||    84
Throw: Throwing net      |       |     4 ||     4
       Stone             |       |    18 ||    18
       Tomahawk          |       |    10 ||    10
  Use: Scroll            |     1 |     8 ||     9
       Potion            |       |     1 ||     1
  Eat: Ration            |     1 |     1 ||     2
Armor: Leather armour    |    14 |       ||    14
       Ring mail         |    12 |    19 ||    31
Dodge: Dodged            |    43 |    56 ||    99
Block: Other             |    14 |    23 ||    37
